 Dungeon Crawl Stone Soup version 0.17-a0-1711-gc5340a3 (webtiles) character file.

419 urechis the Chiller (level 6, 0/41 HPs)
             Began as a Demonspawn Ice Elementalist on Aug 22, 2015.
             Slain by a hound zombie (2 damage)
             ... on level 5 of the Dungeon.
             The game lasted 00:11:01 (4115 turns).

urechis the Chiller (Demonspawn Ice Elementalist)   Turns: 4115, Time: 00:11:01

Health: 0/41       AC:  4    Str: 10    XL:     6   Next: 62%
Magic:  7/13       EV: 12    Int: 16    God:
Gold:   211        SH:  0    Dex: 14    Spells: 3 memorised, 6 levels left

rFire  . . .     SeeInvis .     j - +0 spear
rCold  . . .     Clarity  .     a - +0 robe
rNeg   . . .     SustAt   .     (no shield)
rPois  .         Gourm    .     (no helmet)
rElec  .         Spirit   .     e - +0 cloak
rCorr  .         Warding  .     (no gloves)
rMut   .         Stasis   .     (no boots)
MR     .....                    (no amulet)
Stlth  ++........               (no ring)
                                (no ring)

@: not resistant to hostile enchantments, unstealthy
A: claws 2, icy blue scales 1, powered by death 1
a: no special abilities


You were on level 5 of the Dungeon.
You were not hungry.

You visited 1 branch of the dungeon, and saw 5 of its levels.

You collected 211 gold pieces.

Inventory:

Hand weapons
 j - a +0 spear (weapon)
Armour
 a - a +0 robe (worn)
 e - a +0 cloak (worn)
Scrolls
 d - 5 scrolls of identify
 g - a scroll of teleportation {unknown}
 i - a scroll of enchant weapon {unknown}
 m - a scroll of remove curse
 n - a scroll of fear {unknown}
 o - 2 scrolls of fog
 p - 2 scrolls of magic mapping {unknown}
 q - 2 scrolls of enchant armour {unknown}
Potions
 f - 3 potions of curing {unknown}
 k - a potion of cancellation {unknown}
 l - a potion of magic {unknown}
 r - a potion of heal wounds {unknown}
 s - a potion of brilliance {unknown}
 t - a potion of flight {unknown}
Books
 b - a book of Frost

   Spells                             Type                      Level
   a - Freeze                         Ice                          1
   b - Throw Frost                    Conjuration/Ice              2
   c - Ozocubu's Armour               Charms/Ice                   3
   d - Throw Icicle                   Conjuration/Ice              4
   e - Summon Ice Beast               Ice/Summoning                4
   f - Condensation Shield            Ice                          4
Comestibles
 c - 3 bread rations


   Skills:
 - Level 1.7 Dodging
 - Level 1.7 Stealth
 + Level 4.7 Spellcasting
   Level 1.0 Conjurations
 + Level 5.3 Ice Magic


You had 6 spell levels left.
You knew the following spells:

 Your Spells              Type           Power        Failure   Level  Hunger
a - Freeze                Ice            ###.         1%          1    None
b - Ozocubu's Armour      Chrm/Ice       ##......     17%         3    ###....
c - Condensation Shield   Ice            ###.......   21%         4    ####...


Dungeon Overview and Level Annotations

Branches:
Dungeon (5/15)
 Temple: D:4-7

Altars:
Trog
Zin

Annotations:
D:3 kae's ghost, average TeFE


Innate Abilities, Weirdness & Mutations

You have very sharp fingernails.
You are partially covered in icy blue scales (AC +1).
You regenerate a little health from kills.


Message History

Press: ? - help, Shift-Dir - straight line, f/p - hound zombie
Aim: a hound zombie You freeze the hound zombie.
The hound zombie completely resists.
The hound zombie bites you but does no damage.
Casting: Freeze
Confirm with . or Enter, or press ? or * to list all spells.
Aiming: Freeze
Press: ? - help, Shift-Dir - straight line, f/p - hound zombie
Aim: a hound zombie You freeze the hound zombie.
The hound zombie completely resists.
The hound zombie bites you.
* * * LOW HITPOINT WARNING * * *
Casting: Freeze
Confirm with . or Enter, or press ? or * to list all spells.
Aiming: Freeze
Press: ? - help, Shift-Dir - straight line, f/p - hound zombie
Aim: a hound zombie You freeze the hound zombie.
The hound zombie completely resists.
The hound zombie bites you.
You die...

%# . . ##.
..# #
#.##.#
#....#
####.###.#
......Z@.#
.##.##.###
... #<###
.. ##


You could see a hound zombie.

Vanquished Creatures
  2 ogres (D:4)
  A scorpion (D:3)
  A centaur skeleton (D:4)
  10 adders
  2 oozes
  A giant gecko (D:4)
  6 orcs
  6 giant cockroaches
  7 goblins
  8 hobgoblins
  4 jackals (D:1)
  2 quokkas
  2 ball pythons
  5 bats
  5 kobolds
  A quokka skeleton (D:4)
  7 rats
70 creatures vanquished.

Notes
Turn   | Place    | Note
--------------------------------------------------------------
     0 | D:1      | urechis the Demonspawn Ice Elementalist began the quest for the Orb.
     0 | D:1      | Reached XP level 1. HP: 13/13 MP: 3/3
   551 | D:1      | Gained mutation: You regenerate a little health from kills. [demonic ancestry]
   551 | D:1      | Reached XP level 2. HP: 16/19 MP: 5/5
   575 | D:1      | Reached skill level 3 in Ice Magic
   634 | D:1      | Gained mutation: You have sharp fingernails. [demonic ancestry]
   634 | D:1      | Reached XP level 3. HP: 24/24 MP: 0/6
  1345 | D:2      | Gained mutation: You have very sharp fingernails. [demonic ancestry]
  1345 | D:2      | Reached XP level 4. HP: 18/30 MP: 3/8
  1648 | D:2      | Found a glowing silver altar of Zin.
  1648 | D:2      | Noticed an angel
  1997 | D:3      | Reached skill level 4 in Ice Magic
  1997 | D:3      | Reached XP level 5. HP: 12/35 MP: 1/10
  2253 | D:3      | Found a bloodstained altar of Trog.
  2481 | D:3      | Noticed kae's ghost (average TeFE)
  2665 | D:3      | Identified a -2 rod of clouds (12/12) (You found it on level 3 of the Dungeon)
  3262 | D:4      | Noticed an ogre
  3273 | D:4      | Learned a level 3 spell: Ozocubu's Armour
  3286 | D:4      | Killed an ogre
  3286 | D:4      | Gained mutation: You are partially covered in icy blue scales (AC +1). [demonic ancestry]
  3286 | D:4      | Reached XP level 6. HP: 29/41 MP: 0/12
  3528 | D:4      | Noticed an ogre
  3542 | D:4      | Killed an ogre
  3542 | D:4      | Reached skill level 5 in Ice Magic
  3549 | D:4      | Learned a level 4 spell: Condensation Shield
  3633 | D:4      | Noticed a phantom
  4094 | D:5      | Entered Level 5 of the Dungeon
  4114 | D:5      | HP: 2/41 [hound zombie (2)]
  4115 | D:5      | Slain by a hound zombie

Vault maps used:
D:1:      dpeg_arrival_more_subterranean_lakeside_camping
D:2:      zin_angel, first_bread
D:3:      trog_three_pillars_becter
D:5:      sigmund_edmund_badplayer

Action                   |  1- 3 |  4- 6 || total
-------------------------+-------+-------++-------
Melee: Short sword       |    44 |       ||    44
       Unarmed           |     8 |       ||     8
       Dagger            |     2 |       ||     2
       Spear             |    37 |   238 ||   275
 Cast: Freeze            |    27 |    54 ||    81
       Ozocubu's Armour  |       |     3 ||     3
  Use: Scroll            |       |     4 ||     4
 Stab: Distracted        |     1 |       ||     1
       Sleeping          |     2 |     2 ||     4
  Eat: Chunk             |     1 |     3 ||     4
       Meat ration       |       |     2 ||     2
